 Dungeon Crawl Stone Soup version 0.29.0-11-gd7f09526c8 (webtiles) character file.

Game seed: 13832263888594949371

154 sanka the Insei (level 5, -7/40 (41) HPs)
             Began as a Demonspawn Monk on Sept 4, 2022.
             Mangled by a black bear (10 damage)
             ... on level 4 of the Dungeon.
             The game lasted 00:03:24 (4406 turns).

sanka the Insei (Demonspawn Monk)                   Turns: 4406, Time: 00:03:25

HP:   -7/40 (41)    AC:  2    Str: 11    XL:     5   Next: 13%
MP:   0/5           EV: 12    Int: 14    God:
Gold: 202           SH:  0    Dex: 15    Spells: 4/4 levels left

rFire   . . .      SeeInvis .     - Unarmed
rCold   . . .      Faith    .   (no shield)
rNeg    . . .      Spirit   +   a - +0 robe
rPois   .          Reflect  .   (helmet restricted)
rElec   .          Harm     .   (no cloak)
rCorr   .          Rampage  .   (no gloves)
Will    .....                   (no boots)
Stlth   ++........              f - amulet of guardian spirit
HPRegen 0.13/turn               (no ring)
MPRegen 0.18/turn               (no ring)

@: lightly drained
A: antennae 1, magic regeneration
a: no special abilities


You were on level 4 of the Dungeon.
You visited 1 branch of the dungeon, and saw 4 of its levels.

You collected 202 gold pieces.


Innate Abilities, Weirdness & Mutations

You have a pair of small antennae on your head.
You regenerate magic rapidly.


   Skills:
 - Level 3.0 Fighting
 - Level 2.6 Dodging
 - Level 1.7 Stealth
 + Level 5.3 Unarmed Combat


You had 4 spell levels left.
You didn't know any spells.
Your spell library was empty.

Inventory:

Missiles
 h - 5 curare-tipped darts {=f}
Armour
 a - a +0 robe (worn)
Magical Staves
 q - a staff of cold
Jewellery
 f - an amulet of guardian spirit (around neck)
Wands
 n - a wand of charming (2)
 t - a wand of flame (18)
Scrolls
 c - 5 scrolls of blinking {unknown}
 d - a scroll of magic mapping {unknown}
 e - 5 scrolls of identify {unknown}
 g - 2 scrolls of noise {unknown}
 j - a scroll of teleportation {unknown}
 l - a scroll of enchant armour {unknown}
 p - a scroll of amnesia {unknown}
Potions
 b - a potion of ambrosia
 i - 2 potions of attraction {unknown}
 k - a potion of brilliance {unknown}
 m - 2 potions of curing {unknown}
 o - a potion of lignification {unknown}
 r - a potion of mutation {unknown}
 s - 2 potions of heal wounds {unknown}
 u - 2 potions of might {unknown}

Dungeon Overview and Level Annotations

Branches:
Dungeon (4/15)
 Temple: D:4-7

Altars:
Okawaru
Trog
Uskayaw

Annotations:
D:2 1 runed translucent door, Crazy Yiuf

▒ ... .▒▒ ...
▒▒▒▒...▒ ▒.▒▒.▒
▒.h..▒ ▒.▒▒.▒ ▒▒6▒▒
▒.▒▒.▒▒▒...▒ ▒
▒▒.▒▒.▒▒.▒.▒.▒.▒
▒▒▒▒▒...▒.▒.▒▒.▒▒..▒
.......>......)....▒
▒▒.....▒▒.▒▒.▒▒.▒▒
▒.......▒▒.▒.▒.▒
▒.............▒▒▒▒▒▒.
▒............<.......


You could see a black bear (berserk).


Message History

The black bear is heavily wounded.
You punch the black bear!
The black bear is severely wounded.
The black bear goes berserk!
You hit the black bear but do no damage.
The black bear is severely wounded.
The black bear bites you! The black bear barely misses you.
The black bear barely misses you.
Unknown command.
You hit the black bear.
The black bear is almost dead.
The black bear bites you. The black bear claws you. The black bear claws you.
You completely miss the black bear.
The black bear is almost dead.
The black bear bites you!
* * * LOW HITPOINT WARNING * * *
The black bear misses you. The black bear misses you. The black bear bites you!
* * * LOW HITPOINT WARNING * * *
The black bear claws you.
* * * LOW HITPOINT WARNING * * *
The black bear barely misses you.
You barely miss the black bear.
The black bear is almost dead.
The black bear bites you!
You die...

Action                   |  1- 3 |  4- 6 || total
-------------------------+-------+-------++-------
Melee: Unarmed           |   136 |   101 ||   237
       Punch             |     2 |     6 ||     8
Evoke: Wand              |       |     2 ||     2
 Stab: Sleeping          |     6 |     2 ||     8
Armor: Robe              |    23 |    10 ||    33
Dodge: Dodged            |    72 |    72 ||   144

Levels and vault maps discovered:
D:1:      heliophobic_arrival_enchanted_forest, layout_loops_corners
D:2:      layout_loops_ring, uniq_crazy_yiuf_cottage
D:3:      layout_rooms, nicolae_uskayaw_dance_hall, lemuel_crystal_altar,
          trog_wizard, nicolae_ecumenical_snake_handling, minmay_quadrilaterals
D:4:      layout_loops_ring, nicolae_overflow_crystal_walls, marbit_many_paths,
          nicolae_wooded_promenade

Notes
Turn   | Place    | Note
-------+----------+-------------------------------------------
     0 | D:1      | sanka the Demonspawn Monk began the quest for the Orb.
     0 | D:1      | Reached XP level 1. HP: 18/18 MP: 1/1
   326 | D:1      | Reached skill level 3 in Unarmed Combat
   389 | D:1      | Gained mutation: You have a pair of small antennae on your
                  | head. [demonic ancestry]
   389 | D:1      | Reached XP level 2. HP: 17/24 MP: 2/2
  1261 | D:1      | Reached XP level 3. HP: 21/29 MP: 3/3
  1584 | D:2      | Reached skill level 4 in Unarmed Combat
  2758 | D:2      | Found a runed translucent door.
  2759 | D:2      | Noticed Crazy Yiuf
  2900 | D:3      | Found an iron altar of Okawaru.
  3023 | D:3      | Reached XP level 4. HP: 25/35 MP: 4/4
  3222 | D:3      | Found a hide-covered altar of Uskayaw.
  3470 | D:3      | Reached skill level 5 in Unarmed Combat
  3503 | D:3      | Found a bloodstained altar of Trog.
  3504 | D:3      | Noticed a wizard
  3509 | D:3      | Killed a wizard
  3869 | D:3      | Found a faded altar of an unknown god.
  3961 | D:3      | Gained mutation: You regenerate magic rapidly. [demonic
                  | ancestry]
  3961 | D:3      | Reached XP level 5. HP: 34/41 MP: 5/5
  4398 | D:4      | Noticed a black bear
  4405 | D:4      | HP: 4/40 [black bear (8)]
  4406 | D:4      | Mangled by a black bear

Vanquished Creatures
  A hound (D:3)
  6 adders
  A worm (D:2)
  2 dart slugs
  An orc (D:3)
  7 ball pythons
  7 endoplasms
  3 giant cockroaches
  4 goblins
  5 hobgoblins
  A jackal (D:3)
  6 quokkas
  4 bats
  3 frilled lizards
  5 kobolds
  4 rats
60 creatures vanquished.

Vanquished Creatures (others)
  A wizard (D:3)
1 creature vanquished.

Grand Total: 61 creatures vanquished
